 Dungeon Crawl Stone Soup version 0.28.0 (webtiles) character file.

Game seed: 15287545880986939843

4 Sanktem7 the Skirmisher (level 1, -1/20 HPs)
             Began as a Minotaur Berserker on Feb 8, 2022.
             Was a Follower of Trog.
             Slain by a kobold (5 damage)
             ... on level 1 of the Dungeon.
             The game lasted 00:00:59 (52 turns).

Sanktem7 the Skirmisher (Minotaur Berserker)          Turns: 52, Time: 00:01:00

Health: -1/20      AC:  2    Str: 21    XL:     1   Next: 50%
Magic:  0/0        EV: 12    Int:  4    God:    Trog [*.....]
Gold:   0          SH:  0    Dex:  9    Spells: 0/0 levels left

rFire   . . .      SeeInvis .   a - +0 spear
rCold   . . .      Faith    .   (no shield)
rNeg    . . .      Spirit   .   b - +0 animal skin
rPois   .          Reflect  .   (helmet restricted)
rElec   .          Harm     .   (no cloak)
rCorr   .          Rampage  .   (no gloves)
Will    .....                   (no boots)
Stlth   +.........              (no amulet)
HPRegen 0.06/turn               (no ring)
MPRegen 0.07/turn               (no ring)

@: no status effects
A: horns 2, retaliatory headbutt
a: Renounce Religion, Berserk


You were on level 1 of the Dungeon.
You worshipped Trog.
Trog was aware of your devotion.
You visited 1 branch of the dungeon, and saw 1 of its levels.

Inventory:

Hand Weapons
 a - a +0 spear (weapon)
Armour
 b - a +0 animal skin (worn)
Scrolls
 d - 3 scrolls of blinking {unknown}
Potions
 c - a potion of degeneration {unknown}
 e - a potion of mutation {unknown}


   Skills:
 + Level 3.8 Fighting
 + Level 3.7 Polearms
 + Level 2.4 Armour
 + Level 2.2 Dodging


You couldn't memorise any spells.
You didn't know any spells.
Your spell library was empty.

Dungeon Overview and Level Annotations

Branches:
Dungeon (1/15)

Altars:


Innate Abilities, Weirdness & Mutations

You have a pair of horns on your head.
You reflexively headbutt those who attack you in melee.


Message History

A kobold comes into view. It is wielding a +0 whip.
The giant cockroach closely misses you. You furiously retaliate!
You headbutt the giant cockroach. The goblin barely misses you.
You furiously retaliate!
You headbutt the goblin!
You kill the goblin!
Trog accepts your kill.
A frilled lizard comes into view.
The kobold closely misses you.
You hit the kobold.
You kill the kobold!
Trog accepts your kill. The giant cockroach barely misses you.
Things that are here:
a +1 dagger of protection; a goblin corpse You closely miss the giant cockroach.
The giant cockroach is almost dead.
A bat comes into view.
The giant cockroach barely misses you. The goblin closely misses you.
The giant cockroach misses you.
The bat moves out of view.
You hit the giant cockroach.
You kill the giant cockroach!
Trog accepts your kill. The goblin barely misses you.
The goblin hits you with a +0 dagger. The goblin hits you with a +0 dagger.
The kobold hits you with a +0 whip.
You closely miss the kobold. Your headbutt misses the kobold.
The frilled lizard bites you. The goblin hits you but does no damage.
The kobold barely misses you. You furiously retaliate!
You headbutt the kobold. You closely miss the kobold.
The kobold is moderately wounded.
The bat closely misses you. The frilled lizard closely misses you.
The goblin hits you with a +0 dagger. The kobold closely misses you.
You closely miss the kobold.
The kobold is moderately wounded.
The frilled lizard bites you.
* * * LOW HITPOINT WARNING * * *
The goblin hits you with a +0 dagger.
* * * LOW HITPOINT WARNING * * *
The kobold hits you with a +0 whip.
You die...

#........##
#####..######
##........
########.#.######
........###.#
########.#.##
#.#.#.#####..#
..#####.).....#
### #@g##..#.#
♣..∩blK.....♣
#....?..$[....#
#...............
#♣..♣..∩.....∩##
#.............
#.............
#∩..∩..♣..8...


You could see a goblin, a bat, a kobold and a frilled lizard.

Vanquished Creatures
  A giant cockroach (D:1)
  A goblin (D:1)
  2 kobolds (D:1)
4 creatures vanquished.

Notes
Turn   | Place    | Note
-------+----------+-------------------------------------------
     0 | D:1      | Sanktem7 the Minotaur Berserker began the quest for the
                  | Orb.
     0 | D:1      | Reached XP level 1. HP: 19/19 MP: 0/0
    52 | D:1      | Slain by a kobold

Illustrated notes

Levels and vault maps discovered:
D:1:      scummos_arrival_star, layout_loops_ring,
          hellmonk_ecumenical_altar_arch_garden, minivault_25

Action                   || total
-------------------------++-------
Melee: Spear             ||    14
Armor: Animal skin       ||     2
Dodge: Dodged            ||    15
